 Dungeon Crawl Stone Soup version 0.22-a0-422-g9628fc8 (webtiles) character file.

9 4thArraOfDagon the Magician (level 2, -1/19 HPs)
             Began as a Mummy Fire Elementalist on May 16, 2018.
             Slain by a leopard gecko (4 damage)
             ... on level 1 of the Dungeon.
             The game lasted 00:00:44 (109 turns).

4thArraOfDagon the Magician (MuFE)                   Turns: 109, Time: 00:00:44

Health: -1/19      AC:  2    Str: 11    XL:     2   Next: 6%
Magic:  0/5        EV: 12    Int: 14    God:
Gold:   0          SH:  0    Dex: 12    Spells: 5/6 levels left

rFire    x . .     SeeInvis .   (no weapon)
rCold    + . .     Gourm    .   (no shield)
rNeg     + + +     Faith    .   a - +0 robe
rPois    ∞         Spirit   .   (no helmet)
rElec    .         Reflect  .   (no cloak)
rCorr    .         Harm     .   (no gloves)
MR       .....                  (no boots)
Stlth    ++........             (no amulet)
HPRegen  0.06/turn              (no ring)
MPRegen  0.09/turn              (no ring)

@: no status effects
A: no food or potions, fire vulnerability, cold resistance 1, negative energy
resistance 3, torment resistance, unbreathing
a: no special abilities


You were on level 1 of the Dungeon.
You were not hungry.

You visited 1 branch of the dungeon, and saw 1 of its levels.

Inventory:

Armour
 a - a +0 robe (worn)
Scrolls
 b - a scroll of noise {unknown}


   Skills:
 - Level 1.5 Dodging
 - Level 1.5 Stealth
 + Level 2.9 Spellcasting
 * Level 1.2 Conjurations
 * Level 2.6 Fire Magic


You had 5 spell levels left.
You knew the following spells:

 Your Spells              Type           Power        Failure   Level  Hunger
a - Flame Tongue          Conj/Fire      #....        10%         1    N/A

Your spell library contained the following spells:

 Spells                   Type           Power        Failure   Level  Hunger
 Fireball                 Conj/Fire      #.........   95%         5    N/A
 Conjure Flame            Conj/Fire      #.......     28%         3    N/A
 Throw Flame              Conj/Fire      #.....       14%         2    N/A
 Sticky Flame             Conj/Fire      #.......     67%         4    N/A
 Inner Flame              Hex/Fire       #.......     36%         3    N/A

Dungeon Overview and Level Annotations

Branches:
Dungeon (1/15)

Altars:


Innate Abilities, Weirdness & Mutations

You do not eat or drink.
Your flesh is vulnerable to fire.
You are immune to poison.
Your flesh is cold resistant. (rC+)
You are immune to negative energy. (rN+++)
You are immune to unholy pain and torment.
You can survive without breathing.


Message History

Confirm with . or Enter, or press ? or * to list all spells.
Aiming: Flame Tongue (safe; 10% risk of failure)
Press: ? - help, Shift-Dir - straight line, f/p - hobgoblin
Aim: a hobgoblin The flame tongue misses the leopard gecko.
The flame tongue hits the hobgoblin.
The hobgoblin appears unharmed.
Unknown command.
The leopard gecko barely misses you.
Casting: Flame Tongue (safe; 10% risk of failure)
Confirm with . or Enter, or press ? or * to list all spells.
Aiming: Flame Tongue (safe; 10% risk of failure)
Press: ? - help, Shift-Dir - straight line, f/p - hobgoblin
Aim: a hobgoblin The flame tongue misses the leopard gecko.
The flame tongue hits the hobgoblin.
The hobgoblin is almost dead.
The leopard gecko bites you.
* * * LOW HITPOINT WARNING * * *
The leopard gecko bites you.
You die...

###########
#....[....###
#.<.........
+........#
#......g.##
#.(...#l..##
#...g###@..##
###(## ##..(##
#)# ##...##
####†### ##...#
#.....$# ##.##
###....#####..#
#..........##
#....?....##
#?###.....#
####


You could see a leopard gecko and a hobgoblin.

Vanquished Creatures
  A dart slug (D:1)
  A leopard gecko (D:1)
  A goblin (D:1)
  2 kobolds (D:1)
  A frilled lizard (D:1)
6 creatures vanquished.

Notes
Turn   | Place    | Note
-------+----------+-------------------------------------------
     0 | D:1      | 4thArraOfDagon the Mummy Fire Elementalist began the quest for the Orb.
     0 | D:1      | Reached XP level 1. HP: 13/13 MP: 4/4
    29 | D:1      | Reached skill level 1 in Conjurations
    63 | D:1      | Reached XP level 2. HP: 3/19 MP: 0/5
   109 | D:1      | Slain by a leopard gecko

Vault maps used:
D:1:      elethiomel_arrival_shortcut

Skill      XL: |  1 |
---------------+----+-----
Conjurations   | 1 |  1.2
Dodging        | |  1.5
Stealth        | |  1.5
Spellcasting   | |  2.9
Fire Magic     | |  2.6

Action                   || total
-------------------------++-------
Melee: Unarmed           ||     4
 Cast: Flame Tongue      ||    11
Dodge: Dodged            ||     5

Table legend:
 A = Spawn XP
 B = Non-spawn XP
 C = Spawn XP percentage of total XP
 D = Spawn monster count
 E = Non-spawn monster count
 F = Spawn count percentage of total count
 G = Total turns spent on level
                    A         B        C        D         E        F      G
               +---------+---------+-------+---------+---------+-------+---------
         Total |       0 |      14 |   0.0 |       0 |       6 |   0.0 |   109
               +---------+---------+-------+---------+---------+-------+---------
           D:1 |       0 |      14 |   0.0 |       0 |       6 |   0.0 |   109
               +---------+---------+-------+---------+---------+-------+---------
